 Dungeon Crawl Stone Soup version 0.31-a0-233-g139696dc86 (webtiles) character file.

Game seed: 13150259138914596568

53 qw the Shooter (level 3, -7/21 HPs)
             Began as a Gargoyle Hexslinger on July 8, 2023.
             Mangled by an iguana (9 damage)
             ... on level 3 of the Dungeon.
             The game lasted 00:00:36 (1587 turns).

qw the Shooter (Gargoyle Hexslinger)                Turns: 1587, Time: 00:00:36

Health: -7/21      AC:  8    Str: 11    XL:     3   Next: 89%
Magic:  4/4        EV: 11    Int: 13    God:
Gold:   166        SH:  0    Dex: 14    Spells: 3/4 levels left

rFire   . . .        Y - +4 sling
rCold   . . .        (no shield)
rNeg    + . .        g - +0 leather armour
rPois   inf          (no helmet)
rElec   +            (no cloak)
rCorr   .            d - +1 pair of gloves
SInv    .            (no boots)
Will    .....        (no amulet)
Stlth   +            (no ring)
HPRegen 0.23/turn    (no ring)
MPRegen 0.09/turn

%: no passive effects
@: no status effects
A: sickness immunity, AC +3, negative energy resistance 1, electricity
resistance, torment resistance 1, petrification resistance
a: no special abilities


You were on level 3 of the Dungeon.
You visited 1 branch of the dungeon, and saw 3 of its levels.

You collected 166 gold pieces.


Innate Abilities, Weirdness & Mutations

You are immune to sickness and miasma.
Your stone body is resilient. (AC +3)
You are immune to poison.
You resist negative energy. (rN+)
You are resistant to electric shocks. (rElec)
You are resistant to unholy torment.
You are immune to petrification.


   Skills:
 - Level 2.0 Fighting
 + Level 3.7 Ranged Weapons
 - Level 1.5 Dodging
 - Level 1.0 Spellcasting
 - Level 2.6 Hexes


You had 3 spell levels left.
You knew the following spells:

 Your Spells              Type           Power      Damage    Failure   Level
a - Slow                  Hex            28%        N/A       12%         1

Your spell library contained the following spells:

 Spells                   Type           Power      Damage    Failure   Level
 Inner Flame              Hex/Fire       4%         N/A       54%         3
 Portal Projectile        Hex/Tloc       8%         N/A       54%         3
 Cause Fear               Hex            3%         N/A       77%         4

Inventory:

Hand Weapons
 Y - a +4 sling (weapon)
Armour
 d - a +1 pair of gloves (worn)
 g - a +0 leather armour (worn)
Wands
 c - a wand of digging (5)
Scrolls
 a - a scroll of silence {unknown}
Potions
 b - a potion of enlightenment
 e - a potion of cancellation {unknown}
 f - 2 potions of curing {unknown}
 h - a potion of attraction {unknown}
 k - a potion of resistance

Dungeon Overview and Level Annotations

Branches:
Dungeon (3/15)

Altars:

Shops:
D:3 =


Message History

You shoot a sling bullet.
The sling bullet barely misses the ball python.
You shoot a sling bullet.
The sling bullet barely misses the ball python.
You shoot a sling bullet. The sling bullet hits the ball python!
You kill the ball python!
Things that are here:
a +0 dagger; a goblin corpse You see here a +0 mace.
You see here a +0 mace.
A dart slug comes into view.
Enter note:
Enter note: You shoot a sling bullet.
The sling bullet hits the dart slug.
The dart slug is moderately wounded.
You hear an angry hiss.
An iguana comes into view.
You shoot a sling bullet. The sling bullet hits the iguana.
The iguana is moderately wounded.
The iguana bites you!
You shoot a sling bullet.
The sling bullet closely misses the iguana.
The iguana bites you but does no damage.
You shoot a sling bullet.
The sling bullet hits the iguana but does no damage.
The iguana is moderately wounded.
The iguana bites you!
You shoot a sling bullet. The sling bullet hits the iguana.
The iguana is heavily wounded.
The iguana bites you.
You shoot a sling bullet.
The sling bullet barely misses the iguana.
The iguana barely misses you. x2
You shoot a sling bullet. The sling bullet hits the iguana.
The iguana is severely wounded.
The iguana bites you but does no damage.
You shoot a sling bullet.
The sling bullet closely misses the iguana.
The iguana bites you!
You die...

.... .
#..... #...
.#..... #
#...#
.......
....#..
#.....
#.....
#.....
#.####
#....w .#
#...l#####
#.
#.@...###
###.
#####...#
#..
###.###.#
#..##.##
##.....#
###...#
#.)#.# ..
##.##.# #.#
###..##.###


You could see an iguana and a dart slug.

Vanquished Creatures
  An adder (D:3)
  A worm (D:2)
  A dart slug (D:1)
  3 endoplasms (D:1)
  3 giant cockroaches
  3 goblins
  4 hobgoblins
  2 quokkas
  5 ball pythons
  2 bats
  3 frilled lizards
  6 kobolds
  4 rats (D:1)
38 creatures vanquished.

Notes
Turn   | Place    | Note
-------+----------+-------------------------------------------
     0 | D:1      | qw the Gargoyle Hexslinger began the quest for the Orb.
     0 | D:1      | Reached XP level 1. HP: 12/12 MP: 2/2
     0 | D:1      | 0 ||| qw: Version: 0.3-a-46-gb1f654a
     0 | D:1      | 0 ||| qw: Game counter: 3354
     0 | D:1      | 0 ||| qw: Melee chars always use a shield: true
     0 | D:1      | 0 ||| qw: God list: Okawaru
     0 | D:1      | 0 ||| qw: Allow faded altars: false
     0 | D:1      | 0 ||| qw: Do Orc after clearing Dungeon:15 true
     0 | D:1      | 0 ||| qw: Do second Lair branch before Depths: true
     0 | D:1      | 0 ||| qw: Lair rune preference: random
     0 | D:1      | 0 ||| qw: Goals: Normal
     0 | D:1      | 0 ||| PLANNING D:1-11
   108 | D:1      | Reached XP level 2. HP: 16/16 MP: 3/3
   283 | D:1      | Reached skill level 3 in Ranged Weapons
   461 | D:1      | Reached XP level 3. HP: 20/21 MP: 4/4
   847 | D:1      | 847 ||| UPGRADING to +0 leather armour.
   857 | D:1      | 857 ||| DROPPING +0 robe.
   858 | D:1      | 858 ||| READING scroll labelled HEUREU KATRASI.
   859 | D:1      | 859 ||| READING scroll labelled SANWE LEGELA.
   860 | D:1      | 860 ||| READING scroll labelled HUBE FEAMN.
   861 | D:1      | 861 ||| DROPPING scroll of poison.
  1091 | D:2      | 1091 ||| READING scroll of enchant weapon.
  1091 | D:2      | 1091 ||| ENCHANTING +2 sling.
  1305 | D:2      | 1305 ||| UPGRADING to +0 pair of gloves.
  1310 | D:2      | 1310 ||| READING scroll of enchant armour.
  1310 | D:2      | 1310 ||| ENCHANTING +0 pair of gloves.
  1311 | D:2      | 1311 ||| READING scroll labelled ABEMUD WEIPA.
  1312 | D:2      | 1312 ||| READING scroll labelled REUPHY ACOATT.
  1317 | D:2      | 1317 ||| DRINKING 2 orange potions.
  1318 | D:2      | 1318 ||| DRINKING 2 metallic sapphire potions.
  1345 | D:3      | Found Ruedocha's Jewellery Shop.
  1358 | D:3      | 1358 ||| SHOPLISTING amulet of regeneration (390 gold, have
                  | 147).
  1358 | D:3      | 1358 ||| SHOPLISTING ring of positive energy (260 gold,
                  | have 147).
  1358 | D:3      | 1358 ||| SHOPLISTING ring of protection from fire (325
                  | gold, have 147).
  1358 | D:3      | 1358 ||| SHOPLISTING ring of see invisible (195 gold, have
                  | 147).
  1407 | D:3      | Found a faded altar of an unknown god.
  1513 | D:3      | 1513 ||| READING scroll of enchant weapon.
  1513 | D:3      | 1513 ||| ENCHANTING +3 sling.
  1583 | D:3      | HP: 4/21 [iguana (7)]
  1584 | D:3      | HP: 1/21 [iguana (3)]
  1587 | D:3      | Mangled by an iguana

Levels and vault maps discovered:
D:1:      saegor_arrival_fortress, layout_loops_ring
D:2:      layout_rooms, serial_rivers, chequers_serial_rivers_micro_c,
          chequers_serial_rivers_small_b, chequers_serial_rivers_micro_d,
          chequers_serial_rivers_small_3, nicolae_kite_square_tiling_tiny
D:3:      layout_rooms, grunt_temple_overflow_gold_and_silver,
          shapermc_ecumenical_altar_acropolis, serial_shops, shop

Skill      XL: |  1  2 |
---------------+-------+-----
Ranged Weapons | 3 |  3.7
Fighting       | 2 |  2.0
Dodging        | |  1.5
Spellcasting   | |  1.0
Hexes          | |  2.6

Action                     || total
---------------------------++-------
   Fire: Sling             ||   121
    Use: Scroll            ||     8
         Potion            ||     2
 Armour: Robe              ||     6
         Leather armour    ||     6
  Dodge: Dodged            ||    27

Table legend:
 A = Non-vault XP
 B = Vault XP
 C = Vault XP percentage of total XP
 D = Non-vault monster count
 E = Vault monster count
 F = Vault count percentage of total count
                 A         B        C        D         E       F
            +---------+---------+-------+---------+---------+-------
      Total |      77 |       0 |   0.0 |      38 |       0 |   0.0
            +---------+---------+-------+---------+---------+-------
        D:1 |      38 |       0 |   0.0 |      23 |       0 |   0.0
        D:2 |      17 |       0 |   0.0 |       8 |       0 |   0.0
        D:3 |      22 |       0 |   0.0 |       7 |       0 |   0.0
            +---------+---------+-------+---------+---------+-------
